 Dungeon Crawl Stone Soup version 0.18-a0-1616-g1e052b8 (webtiles) character file.

757 Sixotanaka the Frost Mage (level 7, -2/46 HPs)
             Began as a Merfolk Ice Elementalist on Mar 23, 2016.
             Slain by Menkaure (19 damage)
             ... on level 4 of the Dungeon.
             The game lasted 00:16:33 (5638 turns).

Sixotanaka the Frost Mage (MfIE)                    Turns: 5638, Time: 00:16:34

Health: -2/46      AC:  4    Str:  8    XL:     7   Next: 79%
Magic:  10/10      EV: 13    Int: 17    God:
Gold:   78         SH:  0    Dex: 14    Spells: 3 memorised, 5 levels left

rFire  . . .     SeeInvis .     x - +1 halberd
rCold  . . .     Gourm    .     a - +0 robe
rNeg   + . .     Faith    .     (shield currently unavailable)
rPois  .         Spirit   .     (no helmet)
rElec  .         Dismiss  .     (no cloak)
rCorr  .         Reflect  .     i - +0 pair of gloves
SustAt .         Harm     .     z - +0 pair of boots
MR     .....                    (no amulet)
Stlth  ++........               (no ring)
                                t - ring of positive energy

@: repel missiles, not resistant to hostile enchantments, unstealthy
A: change form in water, swift swim
a: no special abilities


You were on level 4 of the Dungeon.
You were not hungry.

You visited 1 branch of the dungeon, and saw 4 of its levels.

You collected 78 gold pieces.


   Skills:
 + Level 6.9 Polearms
 - Level 2.6 Dodging
 - Level 2.1 Stealth
 - Level 2.0 Spellcasting
 - Level 0.7 Conjurations
 + Level 8.1 Ice Magic


You had 5 spell levels left.
You knew the following spells:

 Your Spells              Type           Power        Failure   Level  Hunger
d - Repel Missiles        Chrm/Air       #.....       30%         2    ###....
x - Throw Frost           Conj/Ice       ###...       6%          2    ###....
z - Freeze                Ice            ####         1%          1    #......


Dungeon Overview and Level Annotations

Branches:
Dungeon (4/15)
 Temple: D:4-7

Altars:

Annotations:
D:3 exclusions: dart slug and ice beast
D:4 Menkaure, Pikel

Inventory:

Hand Weapons
 x - a +1 halberd (weapon)
Missiles
 h - 5 javelins (quivered)
 y - 3 poisoned tomahawks
Armour
 a - a +0 robe (worn)
 i - a +0 pair of gloves (worn)
 z - a +0 pair of boots (worn)
Jewellery
 t - a ring of positive energy (left hand)
Wands
 g - a wand of digging (8/24)
Scrolls
 l - 2 scrolls of blinking {unknown}
 p - 2 scrolls of remove curse {@r2}
 r - 2 scrolls of noise {unknown}
 s - 2 scrolls of amnesia {unknown}
 u - a scroll of magic mapping {unknown}
 v - a scroll of enchant weapon
 w - a scroll of immolation {!r}
Potions
 e - a potion of lignification {unknown}
 m - a potion of ambrosia {unknown}
Books
 b - a book of Frost
 q - a book of Air
Comestibles
 c - a bread ration
 d - 4 fruits
 f - a royal jelly
 k - a meat ration
 n - 2 chunks of flesh
 o - a beef jerky

.P)≈#...#############''''######
..)≈###'#....'..... #....#
..≈≈≈.#......# #.M..#
..≈≈≈.###....# #....#
..≈≈≈.#.##''#########....#
..≈≈[.#.........))..#....#...
..≈[≈.#.........#8..'....'..g
..≈≈≈.#.##')##.M#8..'....'...
..≈≈≈.###....#..@...#8..8#...
..≈≈≈.#......####################
..≈≈###'#....'...)....)..........
..≈≈#...#########################
..≈≈#...#..(.....................
..≈≈#####≈≈≈≈)≈≈≈≈≈≈≈≈≈≈≈≈≈≈≈≈≈≈)
..≈≈≈≈≈≈≈≈≈≈≈≈≈≈≈≈≈≈≈≈≈≈≈≈≈≈≈≈≈≈≈
..≈)≈≈≈≈≈≈≈≈≈≈≈≈≈≈≈≈≈≈≈≈≈≈≈≈≈)≈≈≈
............P................P...


You could see Menkaure.


Message History

Things that are here:
a whip; a robe You see here a giant club.
A giant gecko skeleton comes into view.
A giant gecko skeleton is nearby!
A giant gecko skeleton is nearby!
Attack whom?
Aim: a giant gecko skeleton (hasn't noticed you)
You reach to attack!
You barely miss the giant gecko skeleton.
You barely miss the giant gecko skeleton.
The giant gecko skeleton misses you.
You puncture the giant gecko skeleton!
You destroy the giant gecko skeleton!
No target in view!
The gnoll shouts!
You see here a giant club.
Things that are here:
a club; a flail Your +0 pair of boots unmelds from your body.
There is an open door here.
You see here a flail.
You see here a club.
There is an open door here.
There is a large open door here.
You see here a flail.
Menkaure shouts!
Menkaure is too close now for your liking.
There is a large open door here.
You see here a spear.
You see here a flail.
Menkaure is nearby!
Here: Menkaure The floor.
Wield which item (- for none, * to show all)? (? for menu, Esc to quit)
Okay, then.
Read which item? (? for menu, Esc to quit)
As you read the scroll labeled VUNGICV GOTOK, it crumbles to dust.
You feel blessed for a moment.
It was a scroll of remove curse.
Read which item? (? for menu, Esc to quit)
As you read the scroll labeled KAAMMI NAIMY, it crumbles to dust.
The air around you briefly surges with heat, but it dissipates.
It was a scroll of immolation.
Read which item? (? for menu, Esc to quit)
As you read the scroll labeled NESHRO HOPN, it crumbles to dust.
It is a scroll of enchant weapon.
Enchant which weapon? (? for menu, Esc to quit)
Your +0 halberd glows red for a moment.
Attack whom?
Aim: Menkaure You reach to attack!
You hit Menkaure. You barely miss Menkaure.
Menkaure calls on the powers of darkness!
Your body is wracked with pain!
You puncture Menkaure! Menkaure hits you!!
Ouch! That really hurt!
* * * LOW HITPOINT WARNING * * *
Menkaure gestures wildly while chanting.
Menkaure seems to speed up.
You see here a spear.
You see here a flail.
Wield which item (- for none, * to show all)? (? for menu, Esc to quit)
Okay, then.
Drink which item? (? for menu, Esc to quit)
It was a potion of curing.
You feel better.
Drink which item? (? for menu, Esc to quit)
You feel better. Menkaure hits you.
* * * LOW HITPOINT WARNING * * *
You hit Menkaure. Menkaure hits you!!
You die...

Action                   |  1- 3 |  4- 6 |  7- 9 || total
-------------------------+-------+-------+-------++-------
Melee: Trident           |     7 |    46 |       ||    53
       Halberd           |       |   112 |    36 ||   148
Throw: Javelin           |     7 |       |     1 ||     8
 Cast: Freeze            |    34 |    50 |    11 ||    95
       Throw Frost       |     2 |    76 |    29 ||   107
       Repel Missiles    |       |     1 |       ||     1
  Use: Scroll            |       |       |     3 ||     3
       Potion            |       |       |     2 ||     2
 Stab: Sleeping          |     1 |     1 |       ||     2
       Distracted        |       |       |     1 ||     1
  Eat: Chunk             |     1 |    17 |     6 ||    24

Vault maps used:
D:1:      matt_arrival_diagonals
D:2:      uniq_terence
D:4:      lemuel_castle_with_subvaults, first_bread, minivault_23,
          minmay_goblin_outpost, uniq_pikel, uniq_menkaure

Notes
Turn   | Place    | Note
--------------------------------------------------------------
     0 | D:1      | Sixotanaka the Merfolk Ice Elementalist began the quest for the Orb.
     0 | D:1      | Reached XP level 1. HP: 13/13 MP: 3/3
   313 | D:1      | Reached XP level 2. HP: 16/19 MP: 3/5
   533 | D:1      | Reached skill level 4 in Ice Magic
   984 | D:2      | Noticed Terence
   994 | D:2      | Killed Terence
   994 | D:2      | Reached XP level 3. HP: 18/24 MP: 0/6
  1080 | D:2      | Learned a level 2 spell: Throw Frost
  1095 | D:2      | Reached skill level 5 in Ice Magic
  1238 | D:2      | Reached XP level 4. HP: 25/30 MP: 0/7
  1841 | D:3      | Noticed an ice beast
  2165 | D:3      | Reached skill level 6 in Ice Magic
  2165 | D:3      | Reached XP level 5. HP: 26/35 MP: 0/8
  2635 | D:4      | Noticed Pikel
  2635 | D:4      | Noticed a slave
  2635 | D:4      | Noticed a slave
  2637 | D:4      | Noticed a slave
  2638 | D:4      | Noticed a slave
  2667 | D:4      | Noticed Menkaure
  2696 | D:4      | HP: 7/35 [gnoll/halberd (17)]
  2978 | D:4      | Reached skill level 1 in Polearms
  2979 | D:4      | Noticed an ice beast
  2985 | D:4      | Noticed an ogre
  3132 | D:3      | Reached skill level 2 in Polearms
  3219 | D:4      | Reached skill level 3 in Polearms
  3219 | D:4      | Reached XP level 6. HP: 41/41 MP: 0/9
  3326 | D:4      | Learned a level 2 spell: Repel Missiles
  3575 | D:4      | Reached skill level 4 in Polearms
  3899 | D:4      | Reached skill level 7 in Ice Magic
  4245 | D:4      | Killed a slave
  4332 | D:4      | Reached skill level 5 in Polearms
  4380 | D:4      | Killed a slave
  4613 | D:4      | Killed an ice beast
  4613 | D:4      | Reached XP level 7. HP: 46/46 MP: 10/10
  4617 | D:4      | zzxc: Mf so great
  4617 | D:4      | zzxc: is this IE
  4617 | D:4      | Sixotanaka: yeah
  4617 | D:4      | Sixotanaka: yeah
  4653 | D:4      | zzxc: abusive hydropower
  4703 | D:4      | zzxc: wow this d4 losl
  4714 | D:4      | Sixotanaka: ya
  4714 | D:4      | Sixotanaka: lol
  4722 | D:4      | zzxc: nice for you tho
  4722 | D:4      | Sixotanaka: yeah
  4722 | D:4      | Sixotanaka: normally i get the gnoll vault every damn game
  4722 | D:4      | Sixotanaka: but this time it's actually nb
  4728 | D:4      | Reached skill level 6 in Polearms
  4745 | D:4      | zzxc: gonna have icecream
  5302 | D:4      | zzxc: so much xp
  5419 | D:4      | Reached skill level 8 in Ice Magic
  5626 | D:4      | HP: 4/46 [Menkaure (23)]
  5638 | D:4      | Slain by Menkaure

Vanquished Creatures
  An ice beast (D:4)
  3 slaves (D:4)
  An ogre (D:4)
  An orc priest (D:4)
  A gnoll shaman (D:4)
  Terence (D:2)
  2 iguanas (D:3)
  A worker ant (D:4)
  27 gnolls (D:4)
  6 adders
  2 adder skeletons (D:4)
  A worm (D:2)
  A dart slug (D:3)
  4 giant geckos
  12 orcs
  A ball python (D:2)
  A giant cockroach (D:1)
  5 goblins
  A hobgoblin (D:3)
  19 jackals
  4 kobolds
  A quokka (D:2)
  5 bats
  2 giant gecko skeletons (D:4)
  A giant newt (D:3)
  4 rats
108 creatures vanquished.

Vanquished Creatures (others)
  A plant (D:4)
1 creature vanquished.

Grand Total: 109 creatures vanquished
